 Dungeon Sprint DCSS version 0.30-a0-824-g6c64550be9 (webtiles) character file.

Game seed: 378193635962421478

143 BigDaddyOpFi the Trooper (level 5, -17/52 HPs)
             Began as a Minotaur Berserker on Feb 27, 2023.
             Was a Believer of Trog.
             Killed from afar by an oklob sapling wizard (29 damage)
             ... with a splash of acid
             ... in the Dungeon (Sprint IV: "Fedhas' Mad Dash").
             The game lasted 00:00:45 (236 turns).

BigDaddyOpFi the Trooper (Minotaur Berserker)        Turns: 236, Time: 00:00:46

Health: -17/52     AC:  2    Str: 24    XL:     5   Next: 4%
Magic:  4/4        EV: 13    Int:  4    God:    Trog [**....]
Gold:   49         SH:  0    Dex:  9    Spells: 4/4 levels left

rFire   + . .      SeeInvis .    a - +0 hand axe
rCold   . . .      Faith    .    (no shield)
rNeg    . . .      Spirit   .    b - +0 animal skin
rPois   .          Reflect  .    (helmet restricted)
rElec   .          Harm     .    (no cloak)
rCorr   .          Rampage  .    (no gloves)
Will    .....      NoTele   +    (no boots)
Stlth   +                        j - amulet of invisibility {+Inv}
HPRegen 0.28/turn                k - ring of protection from fire
MPRegen 0.09/turn                (no ring)

@: on berserk cooldown
A: horns 2, retaliatory headbutt
a: Renounce Religion, Evoke Invisibility, Berserk, Trog's Hand


You were in the Dungeon.
You worshipped Trog.
Trog was pleased with you.
You visited 1 branch You collected 49 gold pieces.

Inventory:

Hand Weapons
 a - a +0 hand axe (weapon)
Armour
 b - a +0 animal skin (worn)
Jewellery
 j - the amulet of invisibility (around neck) {+Inv}
   (You found it in the Dungeon)

   [amulet of nothing]

   +Inv:      It lets you turn invisible.
 k - a ring of protection from fire (left hand)
Scrolls
 h - a scroll of blinking
 i - a scroll of identify {unknown}
Potions
 c - a potion of curing
 e - a potion of haste
 f - 2 potions of magic
 g - a potion of berserk rage


   Skills:
 + Level 7.0 Fighting
 + Level 7.0 Axes
 + Level 6.4 Armour
 + Level 5.9 Dodging


You had 4 spell levels left.
You didn't know any spells.
Your spell library was empty.

Dungeon Overview and Level Annotations

Branches:
Dungeon (1/1)

Altars:
Cheibriados
Dithmenos
Elyvilon
Gozag
Hepliaklqana
Kikubaaqudgha
Makhleb
Nemelex Xobeh
Okawaru
Qazlal
Ru
Sif Muna
Trog
Uskayaw
Vehumet
Wu Jian
Xom
Yredelemnul
Zin
The Shining One
Jiyva
Lugonu

Annotations:
D exclusion: oklob sapling


Innate Abilities, Weirdness & Mutations

You have a pair of horns on your head.
You reflexively headbutt those who attack you in melee.


Message History

You start waiting.
You flicker for a moment.
You start waiting.
You feel a strong urge to attack something.
You start waiting.
You feel your anger nearly subside.
You are no longer berserk.
You are exhausted.
You feel yourself slow down.
You start waiting.
You flicker back into view.
You start waiting.
Your magical contamination has completely faded away.
There is an iron altar of Okawaru here.
There is a corrupted altar of Lugonu here.
There is a stormy altar of Qazlal here.
You feel yourself speed up.
There is a fountain of clear blue water here.
You open the door.
An oklob sapling wizard comes into view.
The oklob sapling wizard spits acid at you.
The splash of acid hits you!!
Ouch! That really hurt!
Marking area around an oklob sapling wizard as unsafe for travelling.
Found 15 gold pieces and a book of Spatial Translocations.
You feel much better.
The oklob sapling wizard spits acid at you.
The splash of acid hits you!
You're still recovering from your berserk rage.
There is an open door here.
The oklob sapling wizard spits acid at you.
The splash of acid hits you!!
Ouch! That really hurt!
* * * LOW HITPOINT WARNING * * *
You completely miss the oklob sapling wizard.
You headbutt the oklob sapling wizard, but do no damage.
You punch the oklob sapling wizard, but do no damage.
The oklob sapling wizard spits acid at you.
The splash of acid hits you!!
Ouch! That really hurt!
You die...

###################
.#.⌠._._._._.⌠.#.$+
.'.._._._._._..'@P#
.#..._._._._...#..#
##.._._._._._..#.:#
#._._._._._.⌠.####
###############


You could see an oklob sapling wizard.

Vanquished Creatures
  A scorpion (D)
  2 oklob saplings (D)
  A river rat (D)
  A rat (D)
5 creatures vanquished.

Notes
Turn   | Place    | Note
-------+----------+-------------------------------------------
     0 | D        | BigDaddyOpFi the Minotaur Berserker began the quest for the
                  | Orb.
     0 | D        | Reached XP level 1. HP: 19/19 MP: 0/0
    10 | D        | Reached XP level 2. HP: 27/28 MP: 1/1
    61 | D        | Noticed an oklob sapling
    64 | D        | Killed an oklob sapling
    64 | D        | Reached ** piety under Trog
    65 | D        | Reached skill level 5 in Fighting
    65 | D        | Reached skill level 5 in Axes
    65 | D        | Reached XP level 3. HP: 36/36 MP: 2/2
   118 | D        | Noticed a scorpion
   118 | D        | Found the amulet of invisibility {+Inv}
   121 | D        | Killed a scorpion
   122 | D        | Reached skill level 5 in Armour
   122 | D        | Reached skill level 5 in Dodging
   122 | D        | Reached XP level 4. HP: 44/44 MP: 3/3
   184 | D        | Found an opulent altar of Gozag.
   184 | D        | Found a hazy altar of Hepliaklqana.
   184 | D        | Found a burning altar of Makhleb.
   184 | D        | Found a sparkling altar of Nemelex Xobeh.
   184 | D        | Found a snail-covered altar of Cheibriados.
   184 | D        | Found a sacrificial altar of Ru.
   184 | D        | Found a shimmering blue altar of Sif Muna.
   184 | D        | Found a shimmering altar of Xom.
   184 | D        | Found a basalt altar of Yredelemnul.
   189 | D        | Found a viscous altar of Jiyva.
   189 | D        | Found a bloodstained altar of Trog.
   189 | D        | Found an ornate altar of the Wu Jian Council.
   190 | D        | Found an iron altar of Okawaru.
   190 | D        | Found a glowing silver altar of Zin.
   190 | D        | Found a shadowy altar of Dithmenos.
   191 | D        | Found a hide-covered altar of Uskayaw.
   191 | D        | Found an ancient bone altar of Kikubaaqudgha.
   192 | D        | Found a stormy altar of Qazlal.
   192 | D        | Found a glowing golden altar of the Shining One.
   192 | D        | Found a white marble altar of Elyvilon.
   193 | D        | Found a radiant altar of Vehumet.
   193 | D        | Found a corrupted altar of Lugonu.
   201 | D        | Reached XP level 5. HP: 52/52 MP: 4/4
   236 | D        | Killed from afar by an oklob sapling wizard

Illustrated notes

Levels and vault maps discovered:
D:        dungeon_sprint_fedhas [sprint_temple]

Skill      XL: |  1  2  3  4 |
---------------+-------------+-----
Fighting       | 4 5 6 7 |  7.0
Axes           | 4 5 6 7 |  7.0
Armour         | 3 4 5 6 |  6.4
Dodging        | 3 4 5 |  5.9

Action                     |  1- 3 |  4- 6 || total
---------------------------+-------+-------++-------
  Melee: Hand axe          |    10 |     5 ||    15
         Headbutt          |     1 |     1 ||     2
         Punch             |       |     1 ||     1
 Invoke: Berserk           |     2 |     1 ||     3
Ability: Evoke Invisibilit |       |     1 ||     1
    Use: Potion            |       |     1 ||     1
   Stab: Invisible         |       |     1 ||     1
 Armour: Animal skin       |     1 |       ||     1
  Dodge: Dodged            |    10 |     1 ||    11

Table legend: (Time is in decaauts)
 A = Elapsed time spent in this place.
 B = Non-inter-level travel time spent in this place.
 C = Inter-level travel time spent in this place.
 D = Time resting spent in this place.
 E = Time spent auto-exploring this place.
 F = Levels seen in this place.
 G = Mean time per level.
                   A        B        C        D        E       F      G
               +--------+--------+--------+--------+--------+-----+--------+
         Total |    270 |    270 |      0 |    179 |      0 |   1 |  270.0 |
       Dungeon |    270 |    270 |      0 |    179 |      0 |   1 |  270.0 |
               +--------+--------+--------+--------+--------+-----+--------+

Top non-repeatable levels by time:
       D: 270 daAuts
